 Dungeon Crawl Stone Soup version 0.31.0-12-g77e489cdc1 (webtiles) character file.

Game seed: 9128967529425907798

26 Arctor the Firebug (level 2, 0/15 HPs)
             Began as a Deep Elf Fire Elementalist on Feb 14, 2024.
             Frozen to death by an endoplasm (5 damage)
             ... on level 1 of the Dungeon on Feb 15, 2024.
             The game lasted 00:02:44 (1381 turns).

Arctor the Firebug (Deep Elf Fire Elementalist)     Turns: 1381, Time: 00:02:44

Health: 0/15       AC:  2    Str:  5    XL:     2   Next: 89%
Magic:  7/8        EV: 13    Int: 19    God:
Gold:   14         SH:  0    Dex: 15    Spells: 4/7 levels left

rFire   . . .        j - +0 arbalest
rCold   . . .        (shield currently unavailable)
rNeg    . . .        a - +0 robe
rPois   .            (no helmet)
rElec   .            (no cloak)
rCorr   .            (no gloves)
SInv    .            (no boots)
Will    .....        (no amulet)
Stlth   ++           (no ring)
HPRegen 0.22/turn    (no ring)
MPRegen 0.11/turn

%: no passive effects
@: no status effects
A: no striking features
a: no special abilities


You were on level 1 of the Dungeon.
You visited 1 branch of the dungeon, and saw 1 of its levels.

You collected 14 gold pieces.

Inventory:

Hand Weapons
 j - a +0 arbalest (weapon)
Armour
 a - a +0 robe (worn)
 f - a +0 cloak
 k - a +0 buckler
Scrolls
 c - a scroll of noise {unknown}
 g - a scroll of immolation {unknown}
 i - a scroll of vulnerability {unknown}
Potions
 b - a potion of magic
 d - a potion of brilliance {unknown}
 e - a potion of curing {unknown}
 h - a potion of might {unknown}


   Skills:
 + Level 0.1 Ranged Weapons
 + Level 2.9 Dodging
 + Level 2.9 Stealth
 + Level 3.4 Spellcasting
 + Level 1.6 Conjurations
 + Level 3.5 Fire Magic


You had 4 spell levels left.
You knew the following spells:

 Your Spells              Type           Power      Damage    Failure   Level
a - Foxfire               Conj/Fire      52%        2x1d6     4%          1
b - Scorch                Fire           32%        2d6       4%          2

Your spell library contained the following spells:

 Spells                   Type           Power      Damage    Failure   Level
 Inner Flame              Hex/Fire       10%        N/A       22%         3
 Volatile Blastmotes      Fire/Tloc      20%        2d11      22%         3
 Flame Wave               Conj/Fire      13%        2d6       45%         4


Dungeon Overview and Level Annotations

Branches:
Dungeon (1/15)

Altars:

Shops:
D:1 (=[


Message History

There are monsters nearby!
You shoot a bolt. The bolt hits the endoplasm.
The endoplasm quivers.
The endoplasm is lightly wounded.
The rat squeaks loudly.
You shoot a bolt. The bolt barely misses the endoplasm.
The goblin shouts!
The endoplasm freezes you.
You are frozen.
The endoplasm closely misses you.
You shoot a bolt.
The bolt completely misses the endoplasm.
The endoplasm freezes you.
You are frozen.
The rat barely misses you. The endoplasm closely misses you. The rat bites you.
You are too injured to fight recklessly!
Casting: Foxfire (safe; 4% risk of failure)
Confirm with . or Enter, or press ? or * to list all spells.
You don't know that spell.
The endoplasm attacks as it pursues you!
The endoplasm closely misses you.
You are too injured to fight recklessly!
You are too injured to fight recklessly!
Casting: Foxfire (safe; 4% risk of failure)
Confirm with . or Enter, or press ? or * to list all spells.
You conjure some foxfire!
The endoplasm freezes you.
You are frozen.
Your foxfire dissipates!
The endoplasm attacks as it pursues you!
The endoplasm hits you.
* * * LOW HITPOINT WARNING * * *
The endoplasm attacks as it pursues you!
The endoplasm hits you.
* * * LOW HITPOINT WARNING * * *
Casting: Foxfire (safe; 4% risk of failure)
Confirm with . or Enter, or press ? or * to list all spells.
You conjure some foxfire!
The endoplasm freezes you.
You are frozen.
You die...

..#### #........# ...#.## . ..#.#
.#....## .##.#.# #.# .##....##
..#.#.# #.# ...#....# #.#.#g# #.#
.#...#.# #.#.#.# #.# ####...#
#.#.#r# #.# .####..########v#.#.#
#.#
....##.........v@J#.######.######
........#######.##...............
.⌠...##.# #.##########.#####.
......#.# #.# #.# #. ..⌠...#.#
#.# #.# #. ........# #.# #.# #.
..⌠...#.# ###'## #.# #.
......#.## #....#########.# #.
.⌠...##..# #..............# #.


You could see an endoplasm (ally target).

Vanquished Creatures
  A dart slug (D:1)
  2 ball pythons (D:1)
  3 bats (D:1)
  An endoplasm (D:1)
  A giant cockroach (D:1)
  2 goblins (D:1)
  2 hobgoblins (D:1)
  3 jackals (D:1)
  2 kobolds (D:1)
  A quokka (D:1)
  A rat (D:1)
19 creatures vanquished.

Vanquished Creatures (others)
  103 foxfires (D:1)
103 creatures vanquished.

Grand Total: 122 creatures vanquished

Notes
Turn   | Place    | Note
-------+----------+-------------------------------------------
     0 | D:1      | Arctor the Deep Elf Fire Elementalist began the quest for
                  | the Orb.
     0 | D:1      | Reached XP level 1. HP: 10/10 MP: 6/6
   390 | D:1      | Found Gaconkifuf's Jewellery Shop.
   422 | D:1      | Reached XP level 2. HP: 15/15 MP: 2/8
   425 | D:1      | Learned a level 2 spell: Scorch
   664 | D:1      | Found Jotutuh's Weapon Shop.
  1123 | D:1      | Found Uginoj's Armour Shoppe.
  1381 | D:1      | Frozen to death by an endoplasm

Illustrated notes

Levels and vault maps discovered:
D:1:      dpeg_arrival_stone_temple_mockup, layout_basic, serial_shops,
          nicolae_shop_tiny_statue_garden, nicolae_shop_stone,
          nicolae_shop_advertising_works [nicolae_subvault_shop_adworks],
          minivault_24, nicolae_figureground_pulse

Action                     || total
---------------------------++-------
   Fire: Arbalest          ||    11
   Cast: Foxfire           ||    66
 Armour: Robe              ||    17
  Dodge: Dodged            ||    17
